[Event "55th Biel Festival MTO 2022"]
[Site "Biel"]
[Date "2022.07.16"]
[Round "4.20"]
[White "Dishman Stephen"]
[Black "Prraneeth Vuppala"]
[Result "0-1"]
[ECO "D02"]
[WhiteElo "2252"]
[BlackElo "2457"]
[Annotator "ChessBase"]
[PlyCount "74"]
[EventDate "2022.07.13"]
[EventType "swiss"]
[EventCountry "SUI"]
[SourceTitle "playchess.com"]
[Source "ChessBase"]
[SourceQuality "1"]
[TimeControl "40/5400+30:1800+30"]

1. Nf3 d5 2. d4 e6 3. Bf4 Bd6 4. Bxd6 Qxd6 5. c4 dxc4 6. Nbd2 b5 7. a4 c6 8. b3 cxb3 9. Qxb3 bxa4 10. Rxa4 Ne7 11. e4 O-O 12. e5 Qc7 13. Bd3 Nd7 14. O-O h6 15. Ne4 c5 16. Rc1 Bb7 17. Qa3 Ng6 18. dxc5 Bc6 19. Rd4 Ndxe5 20. Be2 Nf4 21. Bd1 Nxf3+ 22. Bxf3 Qe5 23. Qe3 Nd5 24. Qd2 a5 25. Nd6 a4 26. Nc4 Qf6 27. Nb6 Nxb6 28. Bxc6 Rad8 29. Rxd8 Rxd8 30. Qb4 Nd5 31. Bxd5 Qg5 32. f4 Qxd5 33. Qxa4 Ra8 34. Qc2 Ra2 35. Qxa2 Qxa2 36. c6 Qd2 37. Rc4 Qe1# 0-1

[Event "55th Biel Festival MTO 2022"]
[Site "Biel"]
[Date "2022.07.16"]
[Round "4.21"]
[White "Licznerski Lukasz"]
[Black "Seul, Georg"]
[Result "1/2-1/2"]
[ECO "B15"]
[WhiteElo "2451"]
[BlackElo "2367"]
[Annotator "ChessBase"]
[PlyCount "60"]
[EventDate "2022.07.13"]
[EventType "swiss"]
[EventCountry "SUI"]
[SourceTitle "playchess.com"]
[Source "ChessBase"]
[SourceQuality "1"]
[TimeControl "40/5400+30:1800+30"]

1. e4 c6 2. d4 d5 3. Nc3 dxe4 4. Nxe4 Nf6 5. Nxf6+ exf6 6. Bc4 Bd6 7. Qe2+ Be7 8. Nf3 O-O 9. O-O Re8 10. Re1 Nd7 11. Qe4 Nb6 12. Bd3 g6 13. c4 Bf5 14. Qe2 Bg4 15. Be3 c5 16. d5 Bd6 17. h3 Bxf3 18. Qxf3 f5 19. Bd2 Qh4 20. b3 Nd7 21. Bf1 Be5 22. Rad1 Bd4 23. Qf4 Qxf4 24. Bxf4 Be5 25. Bxe5 Rxe5 26. Rxe5 Nxe5 27. d6 Rd8 28. Rd5 Nd7 29. g3 b6 30. Bg2 Nf6 1/2-1/2

[Event "55th Biel Festival MTO 2022"]
[Site "Biel"]
[Date "2022.07.16"]
[Round "4.22"]
[White "Mohammad Nubairshah Shaikh"]
[Black "Tanmay Chopra"]
[Result "1-0"]
[ECO "A13"]
[WhiteElo "2445"]
[BlackElo "2322"]
[Annotator "ChessBase"]
[PlyCount "73"]
[EventDate "2022.07.13"]
[EventType "swiss"]
[EventCountry "SUI"]
[SourceTitle "playchess.com"]
[Source "ChessBase"]
[SourceQuality "1"]
[TimeControl "40/5400+30:1800+30"]

1. Nf3 Nf6 2. c4 e6 3. g3 d5 4. Bg2 d4 5. O-O c5 6. e3 Nc6 7. exd4 cxd4 8. d3 h6 9. Bf4 Nd7 10. Re1 Bc5 11. Nbd2 O-O 12. Nb3 Bb4 13. Re2 Qb6 14. Rc1 Re8 15. c5 Bxc5 16. Nxc5 Nxc5 17. Ne5 Nxe5 18. Bxe5 Nd7 19. Qa4 Qd8 20. Bc7 Qe7 21. Qxd4 Nb6 22. a4 Qd7 23. Qxd7 Nxd7 24. a5 a6 25. d4 Nf6 26. Bb6 Rf8 27. Rc7 Nd5 28. Bxd5 exd5 29. Bc5 Rd8 30. Ree7 Be6 31. Rxb7 Re8 32. Ra7 Bf5 33. Rxa6 Rxa6 34. Rxe8+ Kh7 35. Bb6 Bd7 36. Rd8 Bc6 37. Rd6 1-0

[Event "55th Biel Festival MTO 2022"]
[Site "Biel"]
[Date "2022.07.16"]
[Round "4.23"]
[White "Li Dominique"]
[Black "Krishna C R G"]
[Result "1/2-1/2"]
[ECO "A55"]
[WhiteElo "2212"]
[BlackElo "2430"]
[Annotator "ChessBase"]
[PlyCount "52"]
[EventDate "2022.07.13"]
[EventType "swiss"]
[EventCountry "SUI"]
[SourceTitle "playchess.com"]
[Source "ChessBase"]
[SourceQuality "1"]
[TimeControl "40/5400+30:1800+30"]

1. d4 Nf6 2. c4 d6 3. Nc3 Nbd7 4. Nf3 e5 5. e4 Be7 6. Be2 O-O 7. O-O c6 8. Qc2 a6 9. a4 a5 10. b3 Re8 11. Ba3 Qc7 12. Rac1 exd4 13. Nxd4 Nc5 14. Bf3 Bd7 15. Rfe1 Rad8 16. Rcd1 Qb6 17. Bc1 Ng4 18. h3 Ne5 19. Be2 Bf6 20. Be3 Ng6 21. Bf1 Bc8 22. Rb1 Qc7 23. g3 h5 24. Rbd1 Qb6 25. Rb1 Qc7 26. Rbd1 Qb6 1/2-1/2

[Event "55th Biel Festival MTO 2022"]
[Site "Biel"]
[Date "2022.07.16"]
[Round "4.24"]
[White "Souleidis Georgios"]
[Black "Nideroest Bruno"]
[Result "1-0"]
[ECO "C12"]
[WhiteElo "2426"]
[BlackElo "2258"]
[Annotator "ChessBase"]
[PlyCount "47"]
[EventDate "2022.07.13"]
[EventType "swiss"]
[EventCountry "SUI"]
[SourceTitle "playchess.com"]
[Source "ChessBase"]
[SourceQuality "1"]
[TimeControl "40/5400+30:1800+30"]

1. e4 e6 2. d4 d5 3. Nc3 Nf6 4. Bg5 Bb4 5. e5 h6 6. Bd2 Bxc3 7. bxc3 Ne4 8. Bc1 c5 9. Ne2 Qa5 10. f3 Nxc3 11. Qd2 cxd4 12. Nxd4 Qc7 13. Bb2 Qxe5+ 14. Kf2 Na4 15. Bb5+ Bd7 16. Bxa4 Bxa4 17. Qb4 b5 18. Nxe6 Nc6 19. Qc5 Qxb2 20. Qxc6+ Ke7 21. Rhe1 fxe6 22. Rxe6+ Kf7 23. Qxd5 Rhc8 24. Rxh6+ 1-0

[Event "55th Biel Festival MTO 2022"]
[Site "Biel"]
[Date "2022.07.16"]
[Round "4.25"]
[White "Mahitosh Dey"]
[Black "Hilby Craig"]
[Result "1/2-1/2"]
[ECO "A40"]
[WhiteElo "2212"]
[BlackElo "2422"]
[Annotator "ChessBase"]
[PlyCount "56"]
[EventDate "2022.07.13"]
[EventType "swiss"]
[EventCountry "SUI"]
[SourceTitle "playchess.com"]
[Source "ChessBase"]
[SourceQuality "1"]
[TimeControl "40/5400+30:1800+30"]

1. d4 Na6 2. g3 g6 3. Bg2 Bg7 4. c3 d5 5. Na3 Nf6 6. Nf3 O-O 7. O-O c5 8. dxc5 Nxc5 9. Be3 b6 10. Bd4 Bb7 11. Ne5 Ne6 12. e3 Nxd4 13. cxd4 Nd7 14. Nxd7 Qxd7 15. Qb3 Rfc8 16. Rfc1 e6 17. Nc2 Ba6 18. Na3 Bf8 19. Bf1 Bxf1 20. Kxf1 Rc6 21. Rxc6 Qxc6 22. Nb5 a6 23. Nc3 b5 24. Rc1 Qc4+ 25. Ne2 Qxb3 26. axb3 a5 27. Nf4 a4 28. Ra1 Rb8 1/2-1/2

[Event "55th Biel Festival MTO 2022"]
[Site "Biel"]
[Date "2022.07.16"]
[Round "4.26"]
[White "Korley Kassa"]
[Black "Schlegel Igor"]
[Result "1-0"]
[ECO "E62"]
[WhiteElo "2421"]
[BlackElo "2194"]
[Annotator "ChessBase"]
[PlyCount "71"]
[EventDate "2022.07.13"]
[EventType "swiss"]
[EventCountry "SUI"]
[SourceTitle "playchess.com"]
[Source "ChessBase"]
[SourceQuality "1"]
[TimeControl "40/5400+30:1800+30"]

1. Nf3 Nf6 2. g3 g6 3. Bg2 Bg7 4. d4 O-O 5. O-O d6 6. c4 Nc6 7. Nc3 e5 8. d5 Nb8 9. e4 a5 10. Re1 Na6 11. Rb1 Nd7 12. a3 Nb6 13. Bf1 Nc5 14. b4 axb4 15. axb4 Nca4 16. Nxa4 Nxa4 17. Qc2 f5 18. Ng5 fxe4 19. Ra1 Bf5 20. Be3 Nb6 21. Ne6 Bxe6 22. dxe6 Rb8 23. Red1 Nc8 24. Qxe4 Qf6 25. c5 Qf5 26. Qh4 Bf6 27. Qc4 Be7 28. h4 c6 29. Bd3 Qh3 30. Qe4 Qf5 31. Qxf5 gxf5 32. Bh6 Rf6 33. Bg5 e4 34. cxd6 Nxd6 35. Bc2 Rxe6 36. Bxe7 1-0

[Event "55th Biel Festival MTO 2022"]
[Site "Biel"]
[Date "2022.07.16"]
[Round "4.27"]
[White "Gomez Barrera Javiera Belen"]
[Black "Gaehwiler Gabriel"]
[Result "0-1"]
[ECO "B23"]
[WhiteElo "2210"]
[BlackElo "2420"]
[Annotator "ChessBase"]
[PlyCount "78"]
[EventDate "2022.07.13"]
[EventType "swiss"]
[EventCountry "SUI"]
[SourceTitle "playchess.com"]
[Source "ChessBase"]
[SourceQuality "1"]
[TimeControl "40/5400+30:1800+30"]

1. e4 c5 2. Nc3 a6 3. Nge2 d6 4. g3 b5 5. Bg2 Bb7 6. O-O e6 7. d4 Nd7 8. Re1 Ngf6 9. a3 Qc7 10. dxc5 Nxc5 11. Nd4 Be7 12. Qe2 O-O 13. Bd2 Rac8 14. Rac1 Rfd8 15. h3 d5 16. exd5 Nxd5 17. Nxd5 Bxd5 18. Bxd5 Rxd5 19. Be3 Bf6 20. Red1 Qd7 21. c3 Rd8 22. Rf1 e5 23. Nc2 Nd3 24. Rb1 Qxh3 25. Bb6 Re8 26. Qe4 Qd7 27. c4 bxc4 28. Ne3 Rb5 29. Nxc4 Bd8 30. Rfd1 Rd5 31. Ne3 Rd6 32. Bxd8 Qxd8 33. Nf5 Nxf2 34. Nxd6 Nxe4 35. Nxe8 Qb6+ 36. Kh1 Nf2+ 37. Kh2 Nxd1 38. Rxd1 Qf2+ 39. Kh3 Qf5+ 0-1

[Event "55th Biel Festival MTO 2022"]
[Site "Biel"]
[Date "2022.07.16"]
[Round "4.28"]
[White "Lou Vincent"]
[Black "Dushyant Sharma"]
[Result "1-0"]
[ECO "D38"]
[WhiteElo "2200"]
[BlackElo "2416"]
[Annotator "ChessBase"]
[PlyCount "95"]
[EventDate "2022.07.13"]
[EventType "swiss"]
[EventCountry "SUI"]
[SourceTitle "playchess.com"]
[Source "ChessBase"]
[SourceQuality "1"]
[TimeControl "40/5400+30:1800+30"]

1. d4 d5 2. c4 e6 3. Nf3 Nf6 4. Nc3 Bb4 5. cxd5 exd5 6. e3 c5 7. a3 Bxc3+ 8. bxc3 b6 9. Bb5+ Bd7 10. Bd3 O-O 11. Nd2 Qc8 12. O-O cxd4 13. cxd4 Qc3 14. Nb3 Ba4 15. Rb1 Rc8 16. Qe2 Nbd7 17. Bd2 Qc6 18. Ba6 Re8 19. Rfc1 Qe6 20. Bb4 Rab8 21. Bd3 a5 22. Be1 Qd6 23. Qb2 Ng4 24. g3 Qh6 25. h4 g5 26. Qe2 Ndf6 27. Bd2 gxh4 28. e4 Qg7 29. e5 hxg3 30. exf6 gxf2+ 31. Kh1 Rxe2 32. fxg7 Rbe8 33. Bxe2 Rxe2 34. Bf4 Bxb3 35. Kg2 Bc4 36. Kf3 Re6 37. Kxg4 f1=Q 38. Rxf1 Bxf1 39. Rxf1 Kxg7 40. Kf5 Re2 41. Rg1+ Kf8 42. Rb1 Re6 43. Bc7 Ke8 44. Bxb6 Re3 45. Bc5 h5 46. Rh1 Kd7 47. Rxh5 Kc6 48. Kf6 1-0

[Event "55th Biel Festival MTO 2022"]
[Site "Biel"]
[Date "2022.07.16"]
[Round "4.29"]
[White "Katz, Alexander"]
[Black "Vasquez Toledo Cristian"]
[Result "1-0"]
[ECO "B51"]
[WhiteElo "2402"]
[BlackElo "2206"]
[Annotator "ChessBase"]
[PlyCount "89"]
[EventDate "2022.07.13"]
[EventType "swiss"]
[EventCountry "SUI"]
[SourceTitle "playchess.com"]
[Source "ChessBase"]
[SourceQuality "1"]
[TimeControl "40/5400+30:1800+30"]

1. e4 c5 2. Nf3 d6 3. Bb5+ Nd7 4. O-O Ngf6 5. Re1 a6 6. Bf1 e6 7. c3 Be7 8. d4 cxd4 9. cxd4 O-O 10. a4 b6 11. Nc3 Bb7 12. Bd3 e5 13. d5 Nc5 14. Be3 Rc8 15. Bc2 a5 16. Nd2 Nfd7 17. Nb5 Ba6 18. Na7 Rc7 19. Nc6 Rxc6 20. dxc6 Nb8 21. Nb1 Nxc6 22. Nc3 Bc4 23. Nd5 Bxd5 24. Qxd5 Nb4 25. Qd1 Bg5 26. Bb3 Bxe3 27. Rxe3 g6 28. Bc4 Kg7 29. Qd2 Qe7 30. b3 Rd8 31. Rd1 f6 32. Rh3 h5 33. Qe3 Nc2 34. Qg3 Nd4 35. Re1 Rh8 36. Qc3 Rc8 37. f4 Ncxb3 38. f5 Qc7 39. Qg3 Qxc4 40. Qxg6+ Kf8 41. Rxh5 Nf3+ 42. Kh1 Qf7 43. Rh8+ Ke7 44. Rxc8 Qxg6 45. fxg6 1-0

[Event "55th Biel Festival MTO 2022"]
[Site "Biel"]
[Date "2022.07.16"]
[Round "4.30"]
[White "Song, Julien"]
[Black "Foerster-Yialamas Lucas"]
[Result "1-0"]
[ECO "A34"]
[WhiteElo "2391"]
[BlackElo "2147"]
[Annotator "ChessBase"]
[PlyCount "69"]
[EventDate "2022.07.13"]
[EventType "swiss"]
[EventCountry "SUI"]
[SourceTitle "playchess.com"]
[Source "ChessBase"]
[SourceQuality "1"]
[TimeControl "40/5400+30:1800+30"]

1. Nf3 c5 2. c4 Nc6 3. Nc3 e5 4. e3 Nf6 5. d4 cxd4 6. exd4 e4 7. Ne5 Bb4 8. Be2 Qa5 9. O-O O-O 10. Bf4 Bxc3 11. bxc3 Qxc3 12. Rc1 Qa3 13. d5 Nxe5 14. Bxe5 Qe7 15. Bb2 b6 16. Qd4 d6 17. Rc3 Ne8 18. Bh5 f6 19. Re1 Qe5 20. Qd1 g6 21. Be2 f5 22. Rb3 Qe7 23. Qd4 Ng7 24. Bf1 Qc7 25. h4 h5 26. Qd2 Bb7 27. Qh6 f4 28. Rxe4 Bc8 29. Rxf4 Bf5 30. Rg3 Rae8 31. Rxf5 Rxf5 32. Bxg7 g5 33. Qh8+ Kf7 34. Qxh5+ Kxg7 35. Qxe8 1-0

[Event "55th Biel Festival MTO 2022"]
[Site "Biel"]
[Date "2022.07.16"]
[Round "4.32"]
[White "Papadiamandis, Elliot"]
[Black "Akshit Kumar J"]
[Result "1-0"]
[ECO "C42"]
[WhiteElo "2369"]
[BlackElo "2103"]
[Annotator "ChessBase"]
[PlyCount "151"]
[EventDate "2022.07.13"]
[EventType "swiss"]
[EventCountry "SUI"]
[SourceTitle "playchess.com"]
[Source "ChessBase"]
[SourceQuality "1"]
[TimeControl "40/5400+30:1800+30"]

1. e4 e5 2. Nf3 Nf6 3. Nxe5 d6 4. Nf3 Nxe4 5. Nc3 Nxc3 6. dxc3 Be7 7. Be3 O-O 8. Qd2 Nd7 9. O-O-O c6 10. h4 d5 11. h5 Nf6 12. h6 g6 13. Bd3 Bg4 14. Rde1 Ne4 15. Bxe4 dxe4 16. Qxd8 Bxd8 17. Nd2 Re8 18. Bf4 g5 19. Bg3 Bf5 20. f3 e3 21. Nc4 Bg6 22. Nxe3 f5 23. Nc4 f4 24. Bf2 Bc7 25. Bc5 Rad8 26. Bxa7 Ra8 27. Bc5 Rxa2 28. Rxe8+ Bxe8 29. Kb1 Ra8 30. Re1 b5 31. Re7 Bf7 32. Rxc7 bxc4 33. Be7 g4 34. Bd6 Rd8 35. Bxf4 gxf3 36. gxf3 Rd1+ 37. Ka2 Bg6 38. Rxc6 Bxc2 39. Rxc4 Rf1 40. Rc7 Rxf3 41. Bd6 Rf6 42. Rc8+ Kf7 43. Rf8+ Ke6 44. Rxf6+ Kxf6 45. Ka3 Ke6 46. Bg3 Kd5 47. Kb4 Bd3 48. b3 Kc6 49. c4 Be2 50. Kc3 Bd1 51. b4 Be2 52. b5+ Kb7 53. Kd4 Bf1 54. Bh4 Be2 55. Bd8 Bf1 56. Ba5 Be2 57. Kc5 Kc8 58. Kb4 Kd7 59. Bb6 Bf1 60. Be3 Kc7 61. Kc5 Be2 62. Bf4+ Kb7 63. Bd2 Kc7 64. Ba5+ Kd7 65. Kb4 Bf1 66. c5 Bg2 67. Kc3 Bf1 68. c6+ Kd6 69. Kb4 Bg2 70. Bb6 Be4 71. Bf2 Bf3 72. Bg3+ Kd5 73. Ka5 Kc5 74. Bf2+ Kd6 75. Kb6 Be2 76. c7 1-0

[Event "55th Biel Festival MTO 2022"]
[Site "Biel"]
[Date "2022.07.16"]
[Round "4.33"]
[White "Aydin Gulenay"]
[Black "Unuk, Laura"]
[Result "1/2-1/2"]
[ECO "C07"]
[WhiteElo "2100"]
[BlackElo "2340"]
[Annotator "ChessBase"]
[PlyCount "62"]
[EventDate "2022.07.13"]
[EventType "swiss"]
[EventCountry "SUI"]
[SourceTitle "playchess.com"]
[Source "ChessBase"]
[SourceQuality "1"]
[TimeControl "40/5400+30:1800+30"]

1. e4 e6 2. d4 d5 3. Nd2 c5 4. Ngf3 cxd4 5. Nxd4 Nf6 6. e5 Nfd7 7. N2f3 a6 8. Bf4 Be7 9. Bd3 Nc5 10. Be2 O-O 11. O-O b5 12. c3 Bb7 13. Re1 Nbd7 14. Bf1 Qb6 15. Nb3 Nxb3 16. axb3 f6 17. Be3 Qc7 18. Bd4 Rae8 19. b4 f5 20. Qd2 h6 21. h4 Rf7 22. Bd3 Nf8 23. Kf1 Ra8 24. Qe2 Ng6 25. g3 Nf8 26. Nd2 Nd7 27. Nb3 Raf8 28. Kg1 Bc8 29. Kh2 Qd8 30. h5 Qe8 31. Rh1 Qd8 1/2-1/2

[Event "55th Biel Festival MTO 2022"]
[Site "Biel"]
[Date "2022.07.16"]
[Round "4.34"]
[White "Karthik Rajaa"]
[Black "Vemparala, Nikash"]
[Result "1-0"]
[ECO "D61"]
[WhiteElo "2331"]
[BlackElo "2049"]
[Annotator "ChessBase"]
[PlyCount "63"]
[EventDate "2022.07.13"]
[EventType "swiss"]
[EventCountry "SUI"]
[SourceTitle "playchess.com"]
[Source "ChessBase"]
[SourceQuality "1"]
[TimeControl "40/5400+30:1800+30"]

1. d4 d5 2. c4 c6 3. Nf3 Nf6 4. Nc3 e6 5. Bg5 Nbd7 6. e3 Be7 7. Qc2 O-O 8. Rd1 Re8 9. h3 a6 10. a3 b5 11. c5 Nh5 12. Bxe7 Qxe7 13. Be2 Nhf6 14. e4 dxe4 15. Nxe4 e5 16. Nd6 Rf8 17. O-O e4 18. Ng5 Nd5 19. Ngxe4 f5 20. Nc3 Nf4 21. Bf3 Qg5 22. Rfe1 Nxh3+ 23. Kf1 Nf4 24. Qb3+ Kh8 25. Nf7+ Rxf7 26. Qxf7 h6 27. Re8+ Kh7 28. Ne4 Qh4 29. Qxf5+ Ng6 30. Qh5 Qf4 31. g3 Qf7 32. Ng5# 1-0

[Event "55th Biel Festival MTO 2022"]
[Site "Biel"]
[Date "2022.07.16"]
[Round "4.35"]
[White "Marentini, Marcel"]
[Black "Kolbus Dietmar"]
[Result "1/2-1/2"]
[ECO "E90"]
[WhiteElo "2053"]
[BlackElo "2285"]
[Annotator "ChessBase"]
[PlyCount "49"]
[EventDate "2022.07.13"]
[EventType "swiss"]
[EventCountry "SUI"]
[SourceTitle "playchess.com"]
[Source "ChessBase"]
[SourceQuality "1"]
[TimeControl "40/5400+30:1800+30"]

1. Nf3 Nf6 2. c4 g6 3. Nc3 Bg7 4. e4 d6 5. d4 O-O 6. h3 Na6 7. Be3 e5 8. d5 Nh5 9. g3 c5 10. Be2 Nc7 11. Nd2 Nf6 12. g4 Nfe8 13. h4 f5 14. exf5 gxf5 15. gxf5 Bxf5 16. h5 Nf6 17. h6 Bh8 18. Rg1+ Kf7 19. Nf3 Rg8 20. Ng5+ Ke7 21. Qb3 b6 22. O-O-O Qd7 23. f3 Rg6 24. Rh1 Rag8 25. Rdg1 1/2-1/2

[Event "55th Biel Festival MTO 2022"]
[Site "Biel"]
[Date "2022.07.16"]
[Round "4.36"]
[White "Schwander Lukas"]
[Black "Matsumura, Cocoro"]
[Result "1-0"]
[ECO "D24"]
[WhiteElo "2274"]
[BlackElo "2043"]
[Annotator "ChessBase"]
[PlyCount "63"]
[EventDate "2022.07.13"]
[EventType "swiss"]
[EventCountry "SUI"]
[SourceTitle "playchess.com"]
[Source "ChessBase"]
[SourceQuality "1"]
[TimeControl "40/5400+30:1800+30"]

1. Nf3 d5 2. d4 Nf6 3. c4 e6 4. Nc3 dxc4 5. e4 Bb4 6. Bxc4 Nxe4 7. O-O Nxc3 8. bxc3 Be7 9. Bf4 O-O 10. Qc2 Nd7 11. Bd3 h6 12. Rfe1 Bd6 13. Ne5 Nxe5 14. dxe5 Bc5 15. Rad1 Qe7 16. Re4 Bd7 17. Bg3 Bc6 18. Rg4 Kh8 19. Qe2 Rg8 20. h4 Rad8 21. h5 Qe8 22. Bb1 f5 23. exf6 Rxd1+ 24. Qxd1 gxf6 25. Bg6 Qd8 26. Qc1 Bf8 27. Bf4 Ba4 28. Bd2 Qd7 29. Rd4 Qc6 30. Bxh6 Bc5 31. Rg4 Qd6 32. Rxa4 1-0

[Event "55th Biel Festival MTO 2022"]
[Site "Biel"]
[Date "2022.07.16"]
[Round "4.37"]
[White "Popiol Michal"]
[Black "Dauth Benjamin"]
[Result "1-0"]
[ECO "E97"]
[WhiteElo "2118"]
[BlackElo "2243"]
[Annotator "ChessBase"]
[PlyCount "99"]
[EventDate "2022.07.13"]
[EventType "swiss"]
[EventCountry "SUI"]
[SourceTitle "playchess.com"]
[Source "ChessBase"]
[SourceQuality "1"]
[TimeControl "40/5400+30:1800+30"]

1. d4 Nf6 2. c4 g6 3. Nc3 Bg7 4. e4 d6 5. Be2 O-O 6. Nf3 e5 7. O-O Nc6 8. d5 Ne7 9. b4 a5 10. bxa5 Rxa5 11. a4 Bg4 12. Nd2 Bxe2 13. Qxe2 c5 14. Rb1 Qd7 15. Rb5 Ra7 16. Nb3 Ne8 17. Bd2 f5 18. f3 f4 19. Rb1 g5 20. Na5 b6 21. Nc6 Nxc6 22. dxc6 Qxc6 23. Rxb6 Qc8 24. Rb8 Qd7 25. Qd3 g4 26. Ra1 gxf3 27. gxf3 Qh3 28. Nb5 Raf7 29. Qf1 Qh5 30. a5 Nc7 31. Rxf8+ Bxf8 32. a6 Na8 33. Kh1 Be7 34. Qe2 Rg7 35. Rg1 Rxg1+ 36. Kxg1 Kf8 37. Ba5 Qg6+ 38. Kf1 Qe8 39. Qd3 Qc6 40. a7 Qa6 41. Qd5 Qxa5 42. Qxa8+ Kg7 43. Qb7 Qa1+ 44. Kg2 Qa2+ 45. Kh3 Kf6 46. a8=Q Qf2 47. Qh8+ Kg6 48. Qg8+ Kh6 49. Qg4 Bf6 50. Qf7 1-0

[Event "55th Biel Festival MTO 2022"]
[Site "Biel"]
[Date "2022.07.16"]
[Round "4.38"]
[White "Ermitsch Magnus"]
[Black "Vidonyak Nellya"]
[Result "1-0"]
[ECO "B07"]
[WhiteElo "2234"]
[BlackElo "2124"]
[Annotator "ChessBase"]
[PlyCount "63"]
[EventDate "2022.07.13"]
[EventType "swiss"]
[EventCountry "SUI"]
[SourceTitle "playchess.com"]
[Source "ChessBase"]
[SourceQuality "1"]
[TimeControl "40/5400+30:1800+30"]

1. e4 d6 2. d4 Nf6 3. Nc3 e5 4. Nge2 Be7 5. h3 h5 6. f4 Nbd7 7. Be3 c6 8. g3 b5 9. a3 a6 10. Bg2 Bb7 11. O-O O-O 12. Qd2 Re8 13. Rad1 Bf8 14. fxe5 dxe5 15. d5 cxd5 16. exd5 Bc5 17. Bxc5 Nxc5 18. Qg5 Qb6 19. Kh2 Rad8 20. Rf5 a5 21. Rdf1 Ncd7 22. Ne4 Nh7 23. Qd2 Rf8 24. Rxh5 g6 25. Rh4 f5 26. Qh6 Rf7 27. Ng5 Ndf6 28. Ne6 Rdd7 29. Qxg6+ Kh8 30. Rxf5 Bxd5 31. Rxf6 Bxe6 32. Rxh7+ 1-0

[Event "55th Biel Festival MTO 2022"]
[Site "Biel"]
[Date "2022.07.18"]
[Round "5.1"]
[White "Visakh N R"]
[Black "Sargsyan Shant"]
[Result "1/2-1/2"]
[ECO "E11"]
[WhiteElo "2503"]
[BlackElo "2661"]
[Annotator "TA"]
[PlyCount "44"]
[EventDate "2022.07.13"]
[EventType "swiss"]
[EventCountry "SUI"]
[SourceTitle "playchess.com"]
[Source "ChessBase"]
[SourceQuality "1"]
[TimeControl "40/5400+30:1800+30"]

1. d4 Nf6 2. c4 e6 3. g3 Bb4+ 4. Bd2 a5 5. Bg2 d5 6. Nf3 O-O 7. Qc2 c5 {[%emt 0:00:36] E11: Bogo-Indian.} 8. cxd5 $1 {[%emt 0:05:34] 8.cxd5 is better than 8.dxc5.} cxd4 9. a3 Bxd2+ 10. Qxd2 {[%emt 0:00:06] [#]} exd5 $146 ({Predecessor:} 10... Qxd5 11. Qxd4 Qb5 12. Qe5 Qb6 13. Nbd2 Nc6 14. Qc3 Qa6 15. Nc4 b5 16. Nce5 Nxe5 17. Qxe5 {½-½ (69) Svane,R (2637)-Ivic,V (2606) Warsaw 2021}) 11. Nxd4 Ne4 12. Bxe4 dxe4 13. Nc3 Nc6 14. O-O-O Qb6 {[%emt 0:01:58] [#] ...Rd8 is the strong threat.} 15. Qe3 Nxd4 16. Qxd4 Qb3 17. Qd5 Qb6 18. Qd4 Qh6+ 19. Qe3 Qa6 20. Qc5 {[%emt 0:01:29] Prevents b5.} ({Much worse is} 20. Qxe4 $6 b5 21. Qd3 b4 $11) 20... Qh6+ 21. Qe3 Qa6 22. Qc5 {[%emt 0:00:05] Against b5} ({But not} 22. Qxe4 b5 23. Qd3 b4 $11) 22... Qh6+ {[%emt 0:01:16] Weighted Error Value: White=0.09 (flawless) /Black=0.10 (very precise)} 1/2-1/2

[Event "55th Biel Festival MTO 2022"]
[Site "Biel"]
[Date "2022.07.18"]
[Round "5.2"]
[White "Ganguly Surya Shekhar"]
[Black "Motylev Alexander"]
[Result "1/2-1/2"]
[ECO "D45"]
[WhiteElo "2608"]
[BlackElo "2632"]
[Annotator "TA"]
[PlyCount "69"]
[EventDate "2022.07.13"]
[EventType "swiss"]
[EventCountry "SUI"]
[SourceTitle "playchess.com"]
[Source "ChessBase"]
[SourceQuality "1"]
[TimeControl "40/5400+30:1800+30"]

1. c4 c6 2. Nf3 d5 3. e3 Nf6 4. Nc3 Nbd7 5. d4 e6 6. Be2 Bd6 7. O-O b6 {[%emt 0:01:21] D45: Semi-Slav: 5 e3.} 8. b3 Bb7 9. Bb2 O-O 10. Bd3 Re8 11. a4 {[%emt 0:00:10][%cal Ba2a4,Ba4a5][%mdl 32] [#]} a6 $146 ({Predecessor:} 11... e5 12. dxe5 Nxe5 13. cxd5 Nxf3+ 14. Qxf3 Be5 15. dxc6 Bxc6 16. Qe2 Nd5 17. Rac1 Qh4 {1-0 (30) Gukesh,D (2684)-Fier,A (2567) Gijon 2022}) 12. a5 b5 13. c5 Bc7 14. b4 e5 15. dxe5 Nxe5 16. Nxe5 Bxe5 17. Rb1 Bc8 18. h3 Bb8 19. Ne2 Ne4 20. Nf4 (20. f3 $14 Ng3 21. Nxg3 Bxg3 22. f4) 20... Qg5 $15 21. Re1 Bf5 ({Much worse is} 21... Bxf4 22. exf4 Qxf4 23. f3 $11) 22. Qc2 Bxf4 23. exf4 Qxf4 24. Re3 Bg6 $1 25. Rbe1 Nf6 (25... Rad8 $15) 26. Qd2 $1 $11 {[%emt 0:03:55] [#] And now Rxe8+ would win. The position is equal.} Re6 {[%emt 0:02:56] Threatens to win with ...d4.} 27. g3 Qh6 {[%emt 0:04:07] ...Bxd3 is the strong threat.} 28. Bxf6 gxf6 29. Bxg6 $1 hxg6 ({Much less strong is} 29... fxg6 30. Qd4 Rxe3 31. Rxe3 $16) 30. Qd4 Rxe3 31. Rxe3 g5 ({Don't do} 31... Qxh3 32. Qxf6 Rf8 33. Qxc6 $16) 32. Re7 {[%emt 0:02:10] aiming for Kg2.} Kf8 $1 33. Rc7 {[%emt 0:02:58] [#] Strongly threatening Kg2.} Re8 34. Qg4 Re6 35. Ra7 {[%emt 0:02:23] Weighted Error Value: White=0.08 (flawless) /Black=0.05 (flawless)} 1/2-1/2